 Dungeon Crawl Stone Soup version 0.23.2-30-g0e89c35649 (webtiles) character file.

Game seed: 4176092473644074678

284592 MalarOregon the Brawler (level 20, -2/181 HPs)
             Began as a Ghoul Gladiator on June 18, 2019.
             Was the Champion of Makhleb.
             Killed from afar by a starcursed mass (6 damage)
             ... with an accursed screaming
             ... on level 3 of the Abyss on June 20, 2019.
             The game lasted 03:28:52 (60205 turns).

MalarOregon the Brawler (Ghoul Gladiator)          Turns: 60205, Time: 03:28:52

Health: -2/181     AC: 33    Str: 26      XL:     20   Next: 59%
Magic:  0/35       EV: 20    Int:  9      God:    Makhleb [******]
Gold:   3513       SH:  7    Dex: 14 (15) Spells: 5/29 levels left

rFire    . . .     SeeInvis .     - Unarmed
rCold    + + +     Gourm    .   X - +2 buckler
rNeg     + + +     Faith    .   Z - +3 plate armour {rC+}
rPois    ∞         Spirit   +   B - +2 hat {MR+}
rElec    .         Reflect  .   r - +2 cloak {rC+}
rCorr    .         Harm     .   f - +1 pair of gloves
MR       ++...                  Y - +0 pair of boots {Fly}
Stlth    ..........             i - amulet of guardian spirit
HPRegen  0.00/turn              m - +4 ring of protection
MPRegen  0.24/turn              y - ring of magical power

@: mighty, agile, about to teleport, rotting, hasted, studying Ice Magic, very
quick
A: rotting body, claws 1, carnivore, cold resistance 1, negative energy
resistance 3, inhibited regeneration, torment resistance, unbreathing
}: 2/15 runes: decaying, gossamer
a: Minor Destruction, Lesser Servant of Makhleb, Major Destruction, Greater
Servant of Makhleb, Renounce Religion, Evoke Flight


You were on level 3 of the Abyss.
You worshipped Makhleb.
Makhleb was exalted by your worship.
You were hungry.

You visited 7 branches of the dungeon, and saw 35 of its levels.
You visited the Abyss 2 times.
You also visited: Ice Cave and Wizlab.

You collected 4258 gold pieces.
You spent 745 gold pieces at shops.

Inventory:

Hand Weapons
 w - a +9 blowgun
   (You took it off Sonja on level 2 of the Lair of Beasts)
Missiles
 p - 6 needles of sleeping
 J - 3 needles of confusion
 M - 3 curare-tipped needles {!f}
Armour
 f - a +1 pair of gloves (worn)
   (You found it on level 2 of the Elven Halls)
 r - a +2 cloak of cold resistance (worn)
   (You found it in an ice cave)
 x - a +2 pair of gloves of archery
   (You found it on level 3 of the Elven Halls)
 B - a +2 hat of magic resistance (worn)
   (You took it off Gastronok on level 9 of the Dungeon)
 X - a +2 buckler (worn)
   (You took it off a tengu conjurer on level 12 of the Dungeon)
 Y - a +0 pair of boots of flying (worn)
   (You found it in a wizard's laboratory)
 Z - a +3 plate armour of cold resistance (worn)
   (You found it on level 2 of the Spider Nest)
Magical Staves
 a - an uncursed staff of summoning {unknown}
   (You found it on level 3 of the Elven Halls)
 A - an uncursed staff of cold
   (You took it off a necromancer in an ice cave)
 D - an uncursed staff of poison
   (You took it off Arachne on level 3 of the Spider Nest)
 F - an uncursed staff of earth
   (You found it in a wizard's laboratory)
Jewellery
 i - an amulet of guardian spirit (around neck)
   (You found it on level 2 of the Dungeon)
 l - an uncursed ring of protection from magic
   (You found it on level 5 of the Dungeon)
 m - a +4 ring of protection (left hand)
   (You found it on level 2 of the Swamp)
 y - a ring of magical power (right hand)
   (You found it on level 3 of the Spider Nest)
 z - an uncursed ring of see invisible
   (You found it on level 12 of the Dungeon)
 G - an uncursed ring of resist corrosion
   (You found it on level 3 of the Abyss)
 N - an uncursed ring of fire
   (You found it on level 6 of the Dungeon)
Wands
 d - a wand of iceblast (33)
   (You found it in an ice cave)
 t - a wand of flame (35)
   (You took it off a gnoll on level 3 of the Dungeon)
 u - a wand of paralysis (11)
   (You found it on level 2 of the Spider Nest)
 v - a wand of digging (14)
   (You found it on level 1 of the Lair of Beasts)
 S - a wand of polymorph (12)
   (You found it on level 12 of the Dungeon)
 V - a wand of enslavement (18)
   (You found it on level 12 of the Dungeon)
Scrolls
 c - a scroll of vulnerability {!r}
 h - 2 scrolls of teleportation {@r4}
 n - 2 scrolls of identify {@r1}
 o - 24 scrolls of remove curse {@r2}
 R - a scroll of enchant weapon
 U - 4 scrolls of fog
Potions
 q - 4 potions of haste {@q3}
 s - 3 potions of curing {@q1}
 C - 5 potions of ambrosia
 E - 6 potions of flight
 H - 3 potions of resistance
 L - 3 potions of brilliance
 O - 2 potions of might
 P - a potion of cancellation
 T - 2 potions of invisibility
Books
 K - a manual of Ice Magic {!d}
   (You found it in an ice cave)
Miscellaneous
 b - a fan of gales
   (You found it in a wizard's laboratory)
 g - a phantom mirror
 j - a lamp of fire
   (You found it on level 11 of the Dungeon)
 k - a sack of spiders
Comestibles
 e - 67 rations {!d}


   Skills:
 + Level 16.2 Fighting
 - Level 1.7 Throwing
 + Level 13.7 Armour
 + Level 14.0 Dodging
 - Level 4.2 Shields
 + Level 17.4 Unarmed Combat
 + Level 5.2 Spellcasting
 - Level 4.0 Hexes
 - Level 4.0 Summonings
 - Level 4.0 Necromancy
 - Level 4.0 Translocations
 - Level 4.0 Transmutations
 + Level 15.6 Ice Magic
 - Level 4.0 Earth Magic
 - Level 4.0 Poison Magic
 - Level 8.0 Invocations
 - Level 8.0 Evocations


You had 5 spell levels left.
You knew the following spells:

 Your Spells              Type           Power        Failure   Level  Hunger
a - Lee's Rapid Deconstr  Erth           #.........   100%        5    ######.
b - Blink                 Tloc           N/A          45%         2    ##.....
f - Borgnjor's Vile Clut  Necr/Erth      #.........   100%        5    ######.
n - Summon Butterflies    Summ           #.......     34%         1    #......
q - Passwall              Tmut/Erth      #.......     45%         2    ##.....
w - Summon Mana Viper     Hex/Summ       #.......     100%        5    ######.
y - Olgreb's Toxic Radia  Pois           #.......     98%         4    #####..

Your spell library contained the following spells:

 Spells                   Type           Power        Failure   Level  Hunger
 Throw Frost              Conj/Ice       ###...       11%         2    ##.....
 Summon Ice Beast         Ice/Summ       ###.....     30%         4    #####..
 Sandblast                Erth           #.....       34%         1    #......
 Call Imp                 Summ           #.......     45%         2    ##.....
 Slow                     Hex            #.......     45%         2    ##.....
 Sting                    Conj/Pois      #...         61%         1    #......
 Call Canine Familiar     Summ           #.......     71%         3    ###....
 Recall                   Summ/Tloc      N/A          71%         3    ###....
 Poisonous Vapours        Pois/Air       #.....       75%         2    ##.....
 Magic Dart               Conj           #...         87%         1    #......
 Shock                    Conj/Air       #...         87%         1    #......
 Ignite Poison            Fire/Tmut/Pois #.......     87%         3    ###....
 Stone Arrow              Conj/Erth      #.....       93%         3    ###....
 Swiftness                Chrm/Air       #.......     95%         2    ##.....
 Throw Flame              Conj/Fire      #.....       95%         2    ##.....
 Mephitic Cloud           Conj/Pois/Air  #.......     97%         3    ###....
 Animate Dead             Necr           N/A          98%         4    #####..
 Cause Fear               Hex            #.........   98%         4    #####..
 Petrify                  Tmut/Erth      #.......     98%         4    #####..
 Conjure Flame            Conj/Fire      #.......     99%         3    ###....
 Static Discharge         Conj/Air       #.......     99%         3    ###....
 Airstrike                Air            #.........   100%        4    #####..
 Iskenderun's Mystic Bla  Conj           #.......     100%        4    #####..
 Alistair's Intoxication  Tmut/Pois      #.......     100%        5    ######.
 Aura of Abjuration       Summ           #.........   100%        5    ######.
 Irradiate                Conj/Tmut      #.........   100%        5    ######.
 Lightning Bolt           Conj/Air       #.........   100%        5    ######.
 Silence                  Hex/Air        #.........   100%        5    ######.
 Summon Demon             Summ           #.........   100%        5    ######.
 Summon Forest            Summ/Tloc      #.........   100%        5    ######.
 Venom Bolt               Conj/Pois      #.........   100%        5    ######.
 Yara's Violent Unravell  Hex/Tmut       #.........   100%        5    ######.
 Simulacrum               Ice/Necr       ###.......   99%         6    #######
 Death Channel            Necr           #.........   100%        6    #######
 Deflect Missiles         Chrm/Air       #.........   100%        6    #######
 Freezing Cloud           Conj/Ice/Air   ##........   100%        6    #######
 Shadow Creatures         Summ           N/A          100%        6    #######
 Summon Hydra             Summ           #.........   100%        7    #######
 Discord                  Hex            #.........   100%        8    #######
 Sublimation of Blood     Necr           Unusable     N/A         2    N/A

Dungeon Overview and Level Annotations

Branches:
Dungeon (15/15)            Temple (1/1) D:7            Lair (6/6) D:8
  Swamp (4/4) Lair:4       Spider (4/4) Lair:2        Slime (0/5) Lair:5
    Orc (2/2) D:10            Elf (3/3) Orc:2        Vaults (0/5) D:14
 Depths (0/5) D:15

Altars:
Ashenzari
Cheibriados
Dithmenos
Elyvilon
Fedhas
Gozag
Hepliaklqana
Kikubaaqudgha
Makhleb
Nemelex Xobeh
Okawaru
Qazlal
Ru
Sif Muna
Trog
Uskayaw
Vehumet
Wu Jian
Xom
Yredelemnul
Zin
The Shining One

Shops:
D:5 :   D:10 [   Orc:1 *%([   Orc:2 ((%!%   Elf:1 [

Portals:
Trove: D:15 (give +5 demon trident)

Annotations:
Elf:2 3 runed translucent doors


Innate Abilities, Weirdness & Mutations

Your body is rotting away.
You thrive on raw meat.
You are immune to poison.
You have sharp fingernails.
You are carnivorous and can eat meat at any time.
Your flesh is cold resistant. (rC+)
You are immune to negative energy. (rN+++)
You do not regenerate when monsters are visible.
You are immune to unholy pain and torment.
You can survive without breathing.


Message History

As you read the scroll of teleportation {@r4}, it crumbles to dust.
You feel strangely unstable.
You feel the power of the Abyss delaying your translocation!
You are covered in liquid flames!
* * * LOW HITPOINT WARNING * * *
The chaos spawn barely misses you. You block the smoke demon's attack.
The smoke demon hits you but does no damage.
The smoke demon hits you.
* * * LOW HITPOINT WARNING * * *
You feel better.
You are covered in liquid flames!
* * * LOW HITPOINT WARNING * * *
You block the chaos spawn's attack.
The smoke demon hits you but does no damage. x2
The smoke demon closely misses you. The smoke demon gestures at you.
Something smites you!
* * * LOW HITPOINT WARNING * * *
A starcursed mass splits.
You feel agile all of a sudden.
You are covered in liquid flames!
* * * LOW HITPOINT WARNING * * *
A chorus of shrieks assaults your mind.
* * * LOW HITPOINT WARNING * * *
You block the chaos spawn's attack.
The smoke demon hits you but does no damage. x2
The smoke demon completely misses you.
You feel very mighty all of a sudden.
You are covered in liquid flames!
* * * LOW HITPOINT WARNING * * *
A starcursed mass splits.
The chaos spawn misses you.
The smoke demon hits you but does no damage.
The smoke demon barely misses you. You block the smoke demon's attack.
The starcursed mass barely misses you.
Unknown command.
You feel yourself speed up.
A starcursed mass splits.
The chaos spawn gores you.
* * * LOW HITPOINT WARNING * * *
The chaos spawn freezes you. You resist.
* * * LOW HITPOINT WARNING * * *
You block the smoke demon's attack.
The smoke demon hits you but does no damage.
The smoke demon completely misses you. The smoke demon gestures at you.
Something smites you!
* * * LOW HITPOINT WARNING * * *
The starcursed mass engulfs you.
* * * LOW HITPOINT WARNING * * *
A deafening chorus of shrieks assaults your mind!
You die...

... .. .
##. ##.#
##†###
##....#
##.##.4##
# #..
#33@## ..
.##.###X#
# .# #..


XXX## . .. .. .##X.. .... # # # ....# ##... . ##..# #. . #. # # . . # . # . .. #
. You could see 5 starcursed masses, 2 smoke demons and a chaos spawn.

Vanquished Creatures
  Arachne (Spider:3)
  A Cloud Mage (WizLab)
  Jorgrun (D:10)
  A sphinx (Elf:3)
  A deep elf blademaster (Elf:3)
  A deep elf master archer (Elf:3)
  An Executioner (Abyss:3)
  Gastronok (D:9)
  2 thorn hunters
  Agnes (Spider:1)
  Frances (D:14)
  Kirke (D:12)
  Roxanne (Spider:3)
  Aizul (Spider:3)
  10 emperor scorpions
  2 ghost moths (Spider:4)
  An orc warlord (Orc:1)
  A deep elf elementalist (Elf:2)
  The ghost of Lucio the Fighter, a journeyman GnWn of Makhleb (Spider:2)
  A very ugly thing (Abyss:3)
  An entropy weaver (Spider:1)
  2 deep elf demonologists (Elf:3)
  2 deep elf annihilators (Elf:3)
  4 spark wasps (WizLab)
  The ghost of diana the Severer, a journeyman MiBe of Trog (D:15)
  3 blizzard demons (WizLab)
  2 deep elf death magi
  Snorg (Lair:5)
  A dire elephant (Abyss:3)
  A fire dragon (D:13)
  Erolcha (Orc:2)
  2 deep elf high priests (Elf:3)
  4 ogre magi (Orc:2)
  7 vault guards (D:14)
  A hell beast (Elf:3)
  19 hydras
  2 rakshasas (Abyss:3)
  2 catoblepae
  3 ghost crabs
  A spriggan air mage (WizLab)
  22 two-headed ogres
  3 shambling mangroves
  A centaur warrior (D:15)
  8 dancing weapons
  An alligator (shapeshifter) (Elf:2)
  14 alligators
  2 shock serpents (WizLab)
  2 thrashing horrors (Abyss:3)
  An orc high priest (Orc:1)
  Nergalle (D:10)
  16 death yaks
  Sonja (Lair:2)
  Urug (Lair:4)
  A wretched star (Abyss:3)
  10 deep elf knights
  A fire crab (D:12)
  A sixfirhy (Abyss:3)
  4 death drakes (WizLab)
  A spatial maelstrom (Abyss:3)
  A glowing orange brain (Abyss:3)
  2 wizards (D:15)
  5 swamp dragons
  2 spriggan druids (Swamp:3)
  An obsidian statue (D:15)
  The ghost of AdmiralAndromeda the Grappler, a novice TrBe of Trog (D:7)
  A wolf spider zombie (D:14)
  A necromancer (IceCv)
  6 lindwurms
  12 deep elf archers
  2 harpies (Elf:3)
  4 orc knights
  7 ugly things
  2 oklob plants (Lair:5)
  14 orb spiders
  A phantasmal warrior (D:15)
  32 wolf spiders
  29 deep elf magi
  A manticore (shapeshifter) (Elf:3)
  A cyclops (D:13)
  4 orc sorcerers
  A salamander (D:15)
  11 manticores
  4 worldbinders (Abyss:3)
  Maurice (D:11)
  6 black mambas
  A moth of wrath (Spider:4)
  16 elephants
  4 torpor snails
  An ice statue (IceCv)
  Psyche (D:8)
  2 smoke demons (Abyss:3)
  2 apocalypse crabs (WizLab)
  An eye of devastation (shapeshifter) (D:15)
  16 spiny frogs
  A water nymph (Abyss:3)
  2 gargoyles
  5 rime drakes
  9 demonic crawlers
  An ice devil (Abyss:3)
  10 freezing wraiths (IceCv)
  7 komodo dragons
  3 ancient zymes (Abyss:3)
  A guardian mummy (D:15)
  A tengu conjurer (D:12)
  2 polar bears
  4 hellwings (Abyss:3)
  2 queen bees
  29 jumping spiders
  9 trolls
  A hornet (shapeshifter) (D:12)
  A wolf spider simulacrum (IceCv)
  2 wind drakes (WizLab)
  9 hornets
  9 blink frogs
  7 bog bodies
  14 hippogriffs
  A raiju (Abyss:3)
  19 slime creatures
  10 tyrant leeches
  A dream sheep (shapeshifter) (Abyss:3)
  3 dream sheep
  13 air elementals
  6 large abominations (Abyss:3)
  38 tarantellas
  83 redbacks
  2 water elementals
  3 shadows
  47 yaks
  A wraith (D:12)
  Eustachio (D:3)
  A ynoxinul (Abyss:3)
  3 vampires
  5 basilisks
  2 fire elementals (Elf:1)
  A hog (D:12)
  A golden eye (shapeshifter) (D:15)
  20 vampire mosquitoes
  5 wargs
  A death yak simulacrum (IceCv)
  2 spatial vortices (Abyss:3)
  20 swamp worms
  An acid dragon (D:15)
  10 insubstantial wisps
  A hell hound (Elf:3)
  Duvessa (D:5)
  15 water moccasins
  A floating eye (shapeshifter) (D:15)
  22 orc warriors
  10 porcupines
  3 black bears
  4 sky beasts
  14 swamp drakes
  11 ice beasts
  A necrophage (D:9)
  15 wolves
  31 ogres
  2 phantoms
  A tengu (shapeshifter) (Elf:1)
  28 centaurs
  12 crocodiles
  A big kobold (D:9)
  3 earth elementals
  A wyvern zombie (D:11)
  21 bullfrogs
  3 small abominations (Abyss:3)
  Dowan (D:5)
  40 killer bees
  34 scorpions
  10 wights (D:10)
  4 electric eels
  10 crimson imps
  2 draconian simulacra (IceCv)
  3 centaur zombies
  A quasit (D:9)
  5 hounds
  A bullfrog zombie (D:12)
  7 jellies
  20 orc priests
  5 centaur skeletons
  Jessica (D:2)
  4 iguanas
  10 worker ants
  20 orc wizards
  9 hell rats
  4 troll simulacra (IceCv)
  A polar bear simulacrum (IceCv)
  A wolf simulacrum (IceCv)
  6 centaur simulacra
  5 hound skeletons
  A hound zombie (D:8)
  2 howler monkey skeletons
  4 gnolls
  7 adders
  5 naga simulacra (IceCv)
  9 river rats
  4 ogre simulacra (IceCv)
  2 shadow imps
  13 white imps
  An ufetubus (Abyss:2)
  An adder zombie (D:9)
  4 adder skeletons (D:3)
  3 worms
  2 dart slugs (D:3)
  2 leopard geckos (D:5)
  74 orcs
  A ball python (D:3)
  3 giant cockroaches
  6 goblins
  7 hobgoblins
  3 jackals (D:2)
  5 quokkas
  5 bats
  A frilled lizard (D:2)
  A jackal skeleton (D:3)
  A jackal zombie (D:7)
  15 kobolds
  2 leopard gecko skeletons
  2 quokka skeletons
  14 rats
  A briar patch (Swamp:4)
1413 creatures vanquished.

Vanquished Creatures (collateral kills)
  A deep elf sorcerer (Elf:2)
  An entropy weaver (Lair:2)
  A vault guard (D:14)
  A deep troll (D:15)
  A deep elf archer (Elf:3)
  A deep elf mage (Elf:2)
  A centaur zombie (D:14)
  A jumping spider (Lair:2)
  A redback (Lair:2)
  2 orc warriors (Orc:2)
  2 orcs (Orc:2)
13 creatures vanquished.

Vanquished Creatures (others)
  A deep elf demonologist (Elf:1)
  A spark wasp (WizLab)
  A ghost crab (WizLab)
  2 deep elf knights (Elf:1)
  A death drake (WizLab)
  A deep elf mage (Elf:3)
  A jumping spider (Spider:1)
  A wind drake (WizLab)
  2 humans (D:12)
  An orc wizard (D:15)
  2 orcs
  2 briar patches (Swamp:4)
  7 fungi
  5 plants
  3 starspawn tentacles (Abyss:3)
31 creatures vanquished.

Grand Total: 1457 creatures vanquished

Notes
Turn   | Place    | Note
-------+----------+-------------------------------------------
     0 | D:1      | MalarOregon the Ghoul Gladiator began the quest for the
                  | Orb.
     0 | D:1      | Reached XP level 1. HP: 17/17 MP: 0/0
   214 | D:1      | Reached XP level 2. HP: 20/25 MP: 1/1
   964 | D:2      | Noticed Jessica
   973 | D:2      | Killed Jessica
   973 | D:2      | Reached skill level 1 in Armour
   973 | D:2      | Reached skill level 4 in Unarmed Combat
   973 | D:2      | Reached XP level 3. HP: 26/30 MP: 2/2
   984 | D:2      | Reached XP level 4. HP: 31/37 MP: 3/3
  1800 | D:2      | Found a burning altar of Makhleb.
  1807 | D:2      | Reached XP level 5. HP: 45/45 MP: 4/4
  1815 | D:2      | Became a worshipper of Makhleb the Destroyer
  2173 | D:2      | Reached skill level 5 in Unarmed Combat
  2379 | D:3      | Reached XP level 6. HP: 31/51 MP: 5/5
  2443 | D:3      | Found a stormy altar of Qazlal.
  2443 | D:3      | Found a deep blue altar of Sif Muna.
  2444 | D:3      | Found an ancient bone altar of Kikubaaqudgha.
  2542 | D:3      | Reached * piety under Makhleb
  2571 | D:3      | Found a radiant altar of Vehumet.
  2860 | D:4      | Noticed Eustachio
  2894 | D:3      | Killed Eustachio
  2894 | D:3      | Reached XP level 7. HP: 42/59 MP: 6/6
  3024 | D:4      | Reached skill level 1 in Shields
  3112 | D:4      | Reached skill level 6 in Unarmed Combat
  3414 | D:4      | Reached ** piety under Makhleb
  3881 | D:5      | Entered Level 5 of the Dungeon
  3885 | D:5      | Found a sacrificial altar of Ru.
  3891 | D:5      | Reached XP level 8. HP: 63/67 MP: 7/7
  4084 | D:5      | Found Ivusaes's Book Boutique.
  4089 | D:5      | Found a sacrificial altar of Ru.
  4177 | D:5      | Noticed Duvessa
  4177 | D:5      | Noticed Dowan
  4199 | D:5      | Killed Duvessa
  4199 | D:5      | Reached skill level 7 in Unarmed Combat
  4212 | D:5      | Killed Dowan
  4333 | D:5      | Reached skill level 5 in Fighting
  4961 | D:6      | Reached skill level 5 in Dodging
  4961 | D:6      | Reached skill level 8 in Unarmed Combat
  4961 | D:6      | Reached XP level 9. HP: 73/74 MP: 8/8
  5126 | D:7      | Found a staircase to the Ecumenical Temple.
  5146 | D:7      | Reached *** piety under Makhleb
  5153 | Temple   | Entered the Ecumenical Temple
  5465 | D:7      | Got a warped leather armour
  5575 | D:7      | Found a hide-covered altar of Uskayaw.
  5868 | D:7      | Found a runed translucent door.
  5868 | D:7      | Noticed AdmiralAndromeda's ghost (novice TrBe)
  6018 | D:7      | Found a bloodstained altar of Trog.
  6140 | D:7      | Found a shimmering altar of Xom.
  6263 | D:8      | Noticed Psyche
  6268 | D:8      | Killed Psyche
  6368 | D:8      | Found a staircase to the Lair.
  6368 | D:8      | Noticed a death yak
  6369 | D:8      | Noticed a death yak
  6370 | D:8      | Noticed a death yak
  6407 | D:7      | Killed a death yak
  6407 | D:7      | Reached skill level 9 in Unarmed Combat
  6970 | D:8      | Reached XP level 10. HP: 83/84 MP: 9/9
  6972 | D:8      | Reached skill level 5 in Armour
  7322 | D:7      | Killed a death yak
  7322 | D:7      | Reached skill level 10 in Unarmed Combat
  8371 | D:9      | Noticed a two-headed ogre
  8385 | D:9      | Killed a two-headed ogre
  8563 | D:9      | Reached skill level 1 in Invocations
  8567 | D:9      | Reached **** piety under Makhleb
  8711 | D:9      | Noticed Gastronok
  8732 | D:9      | Killed Gastronok
  8732 | D:9      | Reached skill level 11 in Unarmed Combat
  8732 | D:9      | Reached XP level 11. HP: 82/94 MP: 11/11
  9074 | D:10     | Entered Level 10 of the Dungeon
  9922 | D:10     | Found a staircase to the Orcish Mines.
  9928 | D:10     | Found Som Quuj's Armour Shoppe.
 10095 | Lair:1   | Entered Level 1 of the Lair of Beasts
 11411 | Lair:1   | Reached XP level 12. HP: 66/104 MP: 14/14
 11859 | Lair:2   | Noticed a seven-headed hydra
 11881 | Lair:1   | Killed a seven-headed hydra
 12068 | Lair:2   | Reached skill level 5 in Invocations
 12245 | Lair:2   | Noticed Sonja
 12263 | Lair:2   | Killed Sonja
 12483 | D:7      | Found a shimmering altar of Xom.
 12528 | D:7      | Found a runed translucent door.
 12541 | D:7      | Found a bloodstained altar of Trog.
 12803 | D:7      | Killed a death yak
 12844 | D:7      | Found a staircase to the Ecumenical Temple.
 12849 | D:7      | Found a hide-covered altar of Uskayaw.
 13303 | D:7      | Killed AdmiralAndromeda's ghost
 13494 | Lair:2   | Found a hole to the Spider Nest.
 13753 | Lair:2   | Reached skill level 12 in Unarmed Combat
 14235 | Spider:1 | Entered Level 1 of the Spider Nest
 14235 | Spider:1 | Noticed an entropy weaver
 14378 | Lair:3   | Got fine ice dragon scales
 14431 | Lair:3   | Reached skill level 5 in Evocations
 14479 | Lair:3   | Noticed a death yak
 14500 | Lair:3   | Killed a death yak
 14733 | Lair:3   | Reached ***** piety under Makhleb
 15024 | Lair:3   | Reached skill level 10 in Fighting
 15775 | Lair:3   | Reached XP level 13. HP: 72/113 MP: 15/16
 15928 | Lair:4   | Noticed Urug
 16293 | Lair:4   | Identified the cursed +0 ice dragon scales of Qazlal's Envy
                  | {+Inv rElec rF- rC++ Int-4 Dex+2} (You found it on level 3
                  | of the Lair of Beasts)
 16294 | Lair:4   | Identified the +1 leather armour of Qehotz {SInv} (You
                  | found it on level 7 of the Dungeon)
 17322 | Lair:4   | Killed Urug
 17784 | Lair:4   | Found a staircase to the Swamp.
 18126 | Lair:5   | Noticed Snorg
 18176 | Lair:5   | Killed Snorg
 19848 | Lair:5   | Reached skill level 13 in Unarmed Combat
 20016 | Lair:5   | Found a staircase to the Slime Pits.
 20247 | Lair:5   | Reached XP level 14. HP: 99/124 MP: 19/19
 20294 | Lair:6   | Entered Level 6 of the Lair of Beasts
 21116 | Lair:6   | Reached skill level 10 in Dodging
 21142 | Lair:6   | Got a polished trident
 23311 | Lair:6   | Reached ****** piety under Makhleb
 23910 | Lair:5   | Learned a level 5 spell: Lee's Rapid Deconstruction
 23916 | Lair:5   | Learned a level 5 spell: Summon Mana Viper
 23918 | Lair:5   | Learned a level 1 spell: Summon Butterflies
 24147 | Orc:1    | Entered Level 1 of the Orcish Mines
 24161 | Orc:1    | Noticed Jorgrun
 24226 | D:10     | Killed Jorgrun
 24226 | D:10     | Reached skill level 10 in Armour
 24226 | D:10     | Reached skill level 1 in Earth Magic
 24465 | Orc:1    | Found Taecrop's Food Boutique.
 24490 | Orc:1    | Found Fonyrav's Antique Weapon Shop.
 24530 | Orc:1    | Found an iron altar of Okawaru.
 24571 | Orc:1    | Noticed Nergalle
 24767 | D:10     | Killed Nergalle
 24767 | D:10     | Reached skill level 1 in Hexes
 24767 | D:10     | Reached skill level 1 in Summonings
 24828 | Orc:1    | Found Sovvit's General Store.
 24932 | D:10     | Reached skill level 1 in Spellcasting
 24951 | D:10     | Reached XP level 15. HP: 97/133 MP: 20/20
 25388 | Orc:1    | Found Quck's Armour Boutique.
 25399 | Orc:1    | Bought a +0 pair of gloves for 67 gold pieces
 25399 | Orc:1    | Bought a +0 pair of boots for 67 gold pieces
 25479 | Orc:2    | Entered Level 2 of the Orcish Mines
 25548 | Orc:2    | Noticed Erolcha
 25559 | Orc:2    | Killed Erolcha
 25576 | Orc:2    | Found Hawecu Nifum's Antique Weapon Shop.
 25597 | Orc:2    | Noticed an orc warlord
 25717 | Orc:1    | Killed an orc warlord
 25717 | Orc:1    | Reached skill level 14 in Unarmed Combat
 25742 | Orc:2    | Found a frozen archway.
 25778 | IceCv    | Entered an ice cave
 26240 | IceCv    | Identified the +4 trident "Furar" {drain, rElec rPois MR-
                  | Int+2} (You found it on level 6 of the Lair of Beasts)
 26254 | IceCv    | Found an ancient bone altar of Kikubaaqudgha.
 27077 | Orc:2    | Found a staircase to the Elven Halls.
 27197 | Orc:2    | Reached skill level 1 in Ice Magic
 28307 | Orc:2    | Found Cabehets's Distillery.
 28307 | Orc:2    | Found Pinagg's Antique Weapon Shop.
 28308 | Orc:2    | Found Qatwux's Food Boutique.
 28308 | Orc:2    | Found Aganwah's Food Shoppe.
 28834 | Orc:2    | Bought a potion of heal wounds for 65 gold pieces
 28834 | Orc:2    | Bought 2 potions of ambrosia for 208 gold pieces
 28834 | Orc:2    | Bought a potion of ambrosia for 104 gold pieces
 28834 | Orc:2    | Bought a potion of heal wounds for 65 gold pieces
 28834 | Orc:2    | Bought a potion of curing for 39 gold pieces
 28834 | Orc:2    | Bought a potion of curing for 39 gold pieces
 28834 | Orc:2    | Bought a potion of might for 52 gold pieces
 28834 | Orc:2    | Bought a potion of flight for 39 gold pieces
 29331 | D:11     | Noticed Maurice
 29344 | D:11     | Killed Maurice
 30045 | D:12     | Noticed Kirke
 30059 | D:12     | Killed Kirke
 30098 | D:12     | Reached XP level 16. HP: 141/141 MP: 21/21
 30885 | D:13     | Reached skill level 5 in Ice Magic
 31883 | D:14     | Found a shadowy altar of Dithmenos.
 31887 | D:14     | Noticed Frances
 31930 | D:14     | Killed Frances
 32542 | D:14     | Found a gate to the Vaults.
 32831 | D:14     | Got a translucent rapier
 32982 | D:15     | Entered Level 15 of the Dungeon
 33067 | D:15     | Found a runed translucent gate.
 33067 | D:15     | Found a runed translucent gate.
 33067 | D:15     | Found a runed translucent gate.
 33069 | D:15     | Found an opulent altar of Gozag.
 33075 | D:15     | Noticed diana's ghost (journeyman MiBe)
 33251 | D:15     | Identified the +1 rapier of Apop {elec, rF++} (You found it
                  | on level 14 of the Dungeon)
 33827 | D:15     | Found a glowing golden altar of the Shining One.
 34208 | D:15     | Found a staircase to the Depths.
 34256 | D:15     | Found a portal to a secret trove of treasure.
 34445 | D:15     | Killed diana's ghost
 34878 | D:15     | Reached skill level 15 in Unarmed Combat
 35056 | Elf:1    | Entered Level 1 of the Elven Halls
 35506 | Elf:1    | Found Ighepp's Armour Shop.
 35816 | Elf:1    | Reached XP level 17. HP: 72/150 MP: 19/22
 36767 | Elf:2    | Found a magical portal.
 36772 | WizLab   | Entered The Chambers of the Cloud Mage
 36979 | WizLab   | Reached skill level 10 in Ice Magic
 38897 | WizLab   | Identified the ring of the Morning {+Fly rF- Str+6}
 39212 | WizLab   | Noticed Gam Pina
 39260 | WizLab   | Killed Gam Pina the Cloud Mage
 39575 | WizLab   | Identified Tawoceh's Handbook of Conjuration
 39580 | WizLab   | Identified the Compendium of Feathers
 39587 | WizLab   | Learned a level 2 spell: Passwall
 39590 | WizLab   | Learned a level 2 spell: Blink
 39595 | WizLab   | Learned a level 4 spell: Olgreb's Toxic Radiance
 39601 | WizLab   | Learned a level 5 spell: Borgnjor's Vile Clutch
 40221 | Elf:2    | Reached skill level 1 in Transmutations
 40321 | Elf:2    | Found a runed translucent gate.
 40321 | Elf:2    | Found a runed translucent gate.
 40336 | Elf:2    | Reached skill level 1 in Poison Magic
 40347 | Elf:2    | Reached skill level 1 in Translocations
 40357 | Elf:2    | Found a runed translucent gate.
 40360 | Elf:2    | Got a pitted battleaxe
 43030 | Spider:1 | Noticed Agnes
 43044 | Spider:1 | Killed Agnes
 43090 | Spider:1 | Found a transporter.
 43090 | Spider:1 | Found a transporter.
 43244 | Spider:1 | Reached XP level 18. HP: 149/161 MP: 23/23
 43267 | Spider:1 | Reached skill level 1 in Necromancy
 43657 | Spider:1 | Identified the +5 battleaxe of Trial by Ordeal {freeze,
                  | +Rage rPois MR- Dex+8} (You found it on level 2 of the
                  | Elven Halls)
 43667 | Spider:1 | Found a transporter.
 43668 | Spider:1 | Found a transporter.
 43670 | Spider:1 | Found a transporter.
 45211 | Spider:2 | Found a runed translucent door.
 45211 | Spider:2 | Noticed Lucio's ghost (journeyman GnWn)
 45242 | Spider:2 | Killed Lucio's ghost
 46896 | Spider:3 | Reached skill level 16 in Unarmed Combat
 47360 | Spider:3 | Noticed Aizul
 47411 | Spider:3 | Killed Aizul
 47499 | Spider:3 | Identified Roxanne's Volume of the Rocks
 47499 | Spider:3 | Noticed Roxanne
 47530 | Spider:3 | Killed Roxanne
 47571 | Spider:3 | Noticed Arachne
 47641 | Spider:3 | Killed Arachne
 49016 | Spider:4 | Entered Level 4 of the Spider Nest
 50257 | Spider:4 | Reached skill level 15 in Fighting
 50257 | Spider:4 | Reached XP level 19. HP: 170/170 MP: 24/24
 51041 | Spider:4 | Got a gossamer rune of Zot
 51306 | Swamp:1  | Entered Level 1 of the Swamp
 52103 | Swamp:1  | Got a scorched scale mail
 52104 | Swamp:1  | Identified the +4 scale mail "Hixaoc" {+Inv Dex+3} (You
                  | found it on level 1 of the Swamp)
 52547 | Swamp:2  | Found a shimmering altar of Xom.
 54473 | Swamp:4  | Entered Level 4 of the Swamp
 54478 | Swamp:4  | Identified a scroll of acquirement
 54480 | Swamp:4  | Got a jewelled chain mail
 54491 | Swamp:4  | Identified the +0 chain mail "Noakkorph" {rPois rC- Regen+
                  | SInv} (You acquired it on level 4 of the Swamp)
 55594 | Swamp:4  | Got a decaying rune of Zot
 56740 | Spider:1 | Reached skill level 17 in Unarmed Combat
 57608 | Elf:3    | Entered Level 3 of the Elven Halls
 57654 | Elf:3    | Reached XP level 20. HP: 159/178 MP: 25/25
 57928 | Elf:3    | Reached skill level 15 in Ice Magic
 58266 | Elf:3    | Cast into level 2 of the Abyss (a deep elf demonologist)
 58266 | Abyss:2  | Found a corrupted altar of Lugonu.
 58298 | Abyss:3  | Found a corrupted altar of Lugonu.
 58433 | Abyss:3  | Noticed a bone dragon
 58628 | Abyss:3  | Paralysed by accursed screaming for 1 turns
 58633 | Abyss:3  | HP: 6/180 [acid (7)]
 58638 | Abyss:3  | Paralysed by accursed screaming for 2 turns
 58660 | Elf:3    | Escaped the Abyss
 58679 | Elf:3    | HP: 9/180 [Executioner[a deep elf demonologist] (8)]
 58684 | Elf:3    | HP: 6/180 [Executioner[a deep elf demonologist] (6)]
 58687 | Elf:3    | HP: 1/180 [Executioner[a deep elf demonologist] (1)]
 59167 | Elf:3    | Identified the cursed +1 hand axe "Misch" {chop, Dex+5}
 59223 | Elf:3    | Identified the +5 chain mail of Kindness {rC+ Dex+2}
 59239 | Elf:3    | Identified the +10 flail of Impatience {drain, Fragile
                  | +Blink Dex+3 Stlth+}
 59657 | Elf:3    | Reached skill level 5 in Spellcasting
 59842 | Elf:3    | Identified the +10 dagger "Gumyil" {pierce, SInv}
 59851 | Elf:3    | Cast into level 3 of the Abyss (a deep elf sorcerer)
 59944 | Abyss:3  | Found a viscous altar of Jiyva.
 60205 | Abyss:3  | HP: 7/181 [smoke demon/divine providence (6)]
 60205 | Abyss:3  | Killed from afar by a starcursed mass

Skill      XL: |  1  2  3  4  5  6  7  8  9 10 11 12 13 14 15 16 17 18 19 20 |
---------------+-------------------------------------------------------------+-----
Armour         | 1 2 3 4 6 7 8 9 10 11 12 13 | 13.7
Dodging        | 3 4 5 7 8 9 10 11 12 13 14 | 14.0
Unarmed Combat | 4 5 6 8 9 11 12 13 14 15 16 17 | 17.4
Fighting       | 3 4 5 6 8 9 10 11 12 13 14 15 16 | 16.2
Shields        | 2 3 4 |  4.2
Invocations    | 2 4 6 8 |  8.0
Evocations     | 2 3 5 6 8 |  8.0
Earth Magic    | 1 4 |  4.0
Hexes          | 1 3 4 |  4.0
Summonings     | 1 3 4 |  4.0
Spellcasting   | 1 3 4 5 |  5.2
Ice Magic      | 4 9 11 12 14 15 | 15.6
Transmutations | 2 4 |  4.0
Poison Magic   | 2 4 |  4.0
Translocations | 2 4 |  4.0
Necromancy     | 4 |  4.0
Throwing       | |  1.7

Action                   |  1- 3 |  4- 6 |  7- 9 | 10-12 | 13-15 | 16-18 | 19-21 || total
-------------------------+-------+-------+-------+-------+-------+-------+-------++-------
Melee: Unarmed           |    77 |   235 |   392 |   916 |  1918 |  3198 |  1802 ||  8538
       Punch             |       |     2 |       |       |       |       |       ||     2
 Fire: Blowgun           |       |       |       |     6 |    18 |    10 |       ||    34
Throw: Throwing net      |       |       |       |       |     1 |     2 |     2 ||     5
Invok: Minor Destruction |       |       |       |     3 |       |       |       ||     3
       Lesser Servant of |       |       |       |       |     1 |    10 |     5 ||    16
 Abil: Stop Flying       |       |       |       |       |       |     1 |       ||     1
Evoke: Wand              |       |       |     5 |    13 |    38 |    43 |    30 ||   129
       Lamp of fire      |       |       |       |       |       |     2 |     1 ||     3
       Sack of spiders   |       |       |       |       |       |       |     5 ||     5
       Fan of gales      |       |       |       |       |       |       |     2 ||     2
  Use: Scroll            |     3 |     2 |    11 |    10 |    24 |    22 |    17 ||    89
       Potion            |       |       |     1 |     1 |     6 |    13 |    22 ||    43
 Stab: Invisible         |       |       |       |     5 |       |       |     6 ||    11
       Petrified         |       |       |       |       |       |    14 |       ||    14
       Distracted        |       |       |       |       |       |     6 |       ||     6
       Confused          |       |       |       |       |       |       |     3 ||     3
  Eat: Chunk             |     3 |     5 |    16 |    28 |    97 |    98 |    71 ||   318
       Ration            |       |       |       |     1 |       |     4 |     2 ||     7
Armor: Leather armour    |     7 |       |       |       |       |       |       ||     7
       Ring mail         |    16 |    20 |       |       |       |       |       ||    36
       Chain mail        |       |   117 |   128 |       |       |       |       ||   245
       Plate armour      |       |       |    78 |   455 |  1016 |  2172 |  1405 ||  5126
       Acid dragon scale |       |       |       |       |       |    14 |       ||    14
Dodge: Dodged            |    40 |   101 |   118 |   334 |   776 |  1584 |   936 ||  3889
Block: Buckler           |       |     6 |    62 |   178 |   372 |  1036 |   590 ||  2244
